Sabres vs Coyotes
(R1)
Created - 10 octobre 2014 at 19:29
Goals
|
| Sabres |
0 |
1 |
1 |
2 |
| Coyotes |
2 |
1 |
2 |
5 |
|
Shots
|
| Sabres |
10 |
11 |
8 |
29 |
| Coyotes |
9 |
14 |
12 |
35 |
|
1st period
1. Coyotes , Jiri Fischer 1 (Chad Larose, Erik Christensen) at 7:34
2. Coyotes , Tim Connolly 4 (Marian Gaborik) at 16:27 (PP)
Penalties :
Andy Sutton (Ari) for Interference (Minor) at 1:47, Drew Miller (Ari) for Tripping (Minor) at 9:56, Ryan Hollweg (Buf) for Holding (Minor) at 12:30, James Neal (Buf) for Tripping (Minor) at 15:18, Niclas Bergfors (Buf) for Roughing (Minor) at 16:36
2nd period
3. Coyotes , Kurt Sauer 1 (Anton Stralman, Drew Miller) at 15:27
4. Sabres , Antoine Roussel 1 (Steve Downie) at 19:19
Penalties :
Jiri Hudler (Buf) for Holding (Minor) at 3:50, Steve Downie (Buf) for Holding (Minor) at 16:00, Frans Nielsen (Ari) for Tripping (Minor) at 19:45
3rd period
5. Coyotes , Erik Christensen 2 (Chad Larose) at 8:06
6. Coyotes , Tim Connolly 5 (Marian Gaborik, Denis Grebeshkov) at 9:12 (PP)
7. Sabres , Jiri Hudler 5 (Antoine Roussel) at 19:51
Penalties :
Marian Gaborik (Ari) for Hooking (Minor) at 4:06, Nathan Dempsey (Buf) for Holding (Minor) at 8:57, Tim Connolly (Ari) for High sticking (Minor) at 10:33
Goalie Stats
Michal Neuvirth (Buf), 30 saves from 35 shots - (0,857), L, 2-4-1, 60:00 minutes
Ryan Miller (Ari), 27 saves from 29 shots - (0,931), W, 3-2-2, 60:00 minutes
Players Stats for Sabres
Player Name G A P +/- PIM S H SB GA TA FO MP PP MP PK MP
------------------------------------------------------------------------------------
Antoine Roussel 1 1 2 0 0 4 0 0 1 0 0/0 15:26 4:34 0:00
Derick Brassard 0 0 0 -1 0 0 2 1 0 0 13/26 17:03 5:20 0:00
James Neal 0 0 0 -1 2 3 3 1 0 1 0/0 18:02 5:20 0:44
Jiri Hudler 1 0 1 0 2 2 2 1 0 0 4/15 15:30 4:34 0:00
Joni Pitkanen 0 0 0 0 0 3 2 0 2 0 0/0 26:08 5:59 6:00
Kyle Calder 0 0 0 0 0 1 0 0 1 0 0/1 6:47 0:01 0:00
Mats Sundin 0 0 0 0 0 1 1 0 0 0 3/4 9:50 0:00 3:01
Mike Fisher 0 0 0 0 0 2 0 0 0 0 13/23 16:46 0:00 5:45
Nathan Dempsey 0 0 0 0 2 2 0 2 0 1 0/0 21:24 3:56 3:20
Nathan Paetsch 0 0 0 0 0 0 1 1 1 1 0/0 15:49 3:56 0:00
Niclas Bergfors 0 0 0 -1 2 4 3 0 0 0 0/1 17:12 5:20 0:00
Niclas Wallin 0 0 0 -1 0 0 0 0 0 2 0/0 18:03 0:00 3:20
Ole-Kristian Tollefsen 0 0 0 -1 0 0 0 1 0 1 0/0 26:50 5:59 6:00
Ryan Hollweg 0 0 0 0 2 1 1 0 1 0 0/1 11:09 0:01 0:00
Steve Downie 0 1 1 0 2 2 0 2 1 0 0/0 17:39 4:34 2:07
Todd White 0 0 0 0 0 0 0 1 1 0 0/0 12:38 0:00 5:52
Tomas Kopecky 0 0 0 0 0 1 0 0 1 0 0/1 12:33 0:01 1:11
Tyler Sloan 0 0 0 0 0 3 2 1 0 0 0/0 11:45 0:00 0:00
Players Stats for Coyotes
Player Name G A P +/- PIM S H SB GA TA FO MP PP MP PK MP
------------------------------------------------------------------------------------
Andy Sutton 0 0 0 1 2 1 1 2 1 0 0/0 13:48 0:00 3:39
Anton Stralman 0 1 1 0 0 3 2 0 1 1 0/0 19:21 3:49 0:46
Boyd Devereaux 0 0 0 0 0 2 0 0 0 0 9/14 13:34 0:01 5:01
Chad Larose 0 2 2 2 0 2 0 0 0 1 1/1 12:47 0:00 5:01
Chris Stewart 0 0 0 0 0 1 2 0 0 0 0/2 16:19 5:04 0:00
Denis Grebeshkov 0 1 1 0 0 1 1 3 0 0 0/0 24:19 5:31 4:25
Drew Miller 0 1 1 -1 2 3 0 1 0 1 2/2 18:19 4:15 0:19
Erik Christensen 1 1 2 2 0 3 2 0 1 0 1/2 11:24 4:15 0:11
Erik Cole 0 0 0 0 0 3 2 0 1 1 2/3 16:38 0:00 4:24
Frans Nielsen 0 0 0 0 2 2 2 0 0 1 8/16 15:21 4:15 0:00
Jiri Fischer 1 0 1 1 0 2 0 1 0 2 0/0 17:06 0:00 5:30
Kurt Sauer 1 0 1 0 0 2 1 3 2 1 0/0 25:18 3:49 5:30
Lukas Krajicek 0 0 0 0 0 0 0 1 0 1 0/0 20:34 5:31 0:00
Marian Gaborik 0 2 2 -1 2 1 2 0 0 0 0/0 18:40 5:05 0:00
Pavel Brendl 0 0 0 0 0 1 0 0 0 0 0/0 7:14 0:00 0:00
Shawn Thornton 0 0 0 2 0 0 1 1 0 0 1/2 7:21 0:01 0:30
Tim Connolly 2 0 2 -1 2 7 4 0 0 0 15/30 19:07 5:04 0:00
Vaclav Varada 0 0 0 0 0 1 2 0 0 0 0/0 12:50 0:00 4:24
3 Stars
1 - Erik Christensen (Ari)
2 - Tim Connolly (Ari)
3 - Chad Larose (Ari)
Power Play
Sabres - 0 on 5 Attempt(s) - 0,00%
Coyotes - 2 on 6 Attempt(s) - 33,33%
Penalty Kill
Sabres - 4 on 6 Attempt(s) - 66,67%
- Score 0 goal in Penalty Kill
Coyotes - 5 on 5 Attempt(s) - 100,00%
- Score 0 goal in Penalty Kill
Official
Referees : Meier Brad and Dwyer Gord
Linesman : Andy McElman and Lonnie Cameron
Game Notes
No Game Note
Finance
Level 1 -- Attendance: 4582 (76,37%) -- Ticket Income 412 380 $
Level 2 -- Attendance: 5000 (100,00%) -- Ticket Income 250 000 $
Level 3 -- Attendance: 1816 (90,80%) -- Ticket Income 54 480 $
Level 4 -- Attendance: 3458 (86,45%) -- Ticket Income 69 160 $
Luxury Box -- Attendance: 991 (99,10%) -- Ticket Income 160 542 $
Game was played at the The Pack Center
Total Attendance: 15847 (88,04%)
Total Ticket Income: 946 562 $
Other Income: 141 984 $
Total Income: 1 088 546 $
Sabres
5 vs 5 Forward
Center Left Wing Right Wing Time % Phy DF OF
1 Derick Brassard James Neal Niclas Bergfors 32 1 3 1
2 Jiri Hudler Antoine Roussel Steve Downie 30 1 3 1
3 Mike Fisher Ryan Hollweg Tomas Kopecky 28 1 3 1
4 Mats Sundin Kyle Calder Todd White 10 1 4 0
5 vs 5 Defense
Defense Defense Time % Phy DF OF
1 Ole-Kristian Tollefsen Niclas Wallin 33 1 3 1
2 Nathan Dempsey Joni Pitkanen 33 1 3 1
3 Tyler Sloan Nathan Paetsch 24 1 3 1
4 Ole-Kristian Tollefsen Joni Pitkanen 10 1 2 2
PowerPlay Forward
Center Left Wing Right Wing Time % Phy DF OF
1 Derick Brassard James Neal Niclas Bergfors 60 1 1 3
2 Jiri Hudler Antoine Roussel Steve Downie 40 1 1 3
PowerPlay Defense
Defense Defense Time % Phy DF OF
1 Ole-Kristian Tollefsen Joni Pitkanen 60 1 2 2
2 Nathan Dempsey Nathan Paetsch 40 1 2 2
Penalty Kill 4 Players Forward
Center Wing Time % Phy DF OF
1 Mike Fisher Todd White 60 1 4 0
2 Mats Sundin Steve Downie 40 1 3 1
Penalty Kill 4 Players Defense
Defense Defense Time % Phy DF OF
1 Ole-Kristian Tollefsen Joni Pitkanen 60 1 4 0
2 Nathan Dempsey Niclas Wallin 40 1 4 0
Penalty Kill - 3 Players Forward
Forward Time % Phy DF OF
1 Todd White 60 0 5 0
2 Mike Fisher 40 0 5 0
Penalty Kill - 3 Players Defense
Defense Defense Time % Phy DF OF
1 Ole-Kristian Tollefsen Joni Pitkanen 60 1 4 0
2 Nathan Dempsey Niclas Wallin 40 1 4 0
4 vs 4 Forward
Center Wing Time % Phy DF OF
1 Derick Brassard Niclas Bergfors 60 0 2 3
2 Ryan Hollweg Steve Downie 40 2 3 0
4 vs 4 Defense
Defense Defense Time % Phy DF OF
1 Ole-Kristian Tollefsen Joni Pitkanen 60 1 2 2
2 Tyler Sloan Nathan Paetsch 40 1 3 1
Last Minutes Offensive
Center Left Wing Right Wing Defense Defense
Derick Brassard Ryan Hollweg Niclas Bergfors Ole-Kristian Tollefsen Joni Pitkanen
Last Minutes Defensive
Center Left Wing Right Wing Defense Defense
Mike Fisher Todd White Steve Downie Ole-Kristian Tollefsen Joni Pitkanen
Goaltenders
Starting : Michal Neuvirth
Backup : Ty Conklin
Extra Forwards
Normal : Antoine Roussel, Tomas Kopecky, Derick Brassard - PP : Ryan Hollweg, Tomas Kopecky - PK : Tomas Kopecky
Extra Defensemen
Normal : Niclas Wallin, Nathan Paetsch, Tyler Sloan - PP : Niclas Wallin - PK : Nathan Paetsch, Tyler Sloan
Penalty Shots
James Neal, Niclas Bergfors, Jiri Hudler, Mats Sundin, Ryan Hollweg
Coyotes
5 vs 5 Forward
Center Left Wing Right Wing Time % Phy DF OF
1 Tim Connolly Drew Miller Marian Gaborik 35 1 0 4
2 Frans Nielsen Erik Cole Chris Stewart 31 1 1 3
3 Erik Christensen Shawn Thornton Chad Larose 18 2 1 2
4 Boyd Devereaux Pavel Brendl Vaclav Varada 16 3 2 0
5 vs 5 Defense
Defense Defense Time % Phy DF OF
1 Denis Grebeshkov Lukas Krajicek 38 1 1 3
2 Kurt Sauer Anton Stralman 34 1 1 3
3 Jiri Fischer Andy Sutton 26 3 2 0
4 Kurt Sauer Denis Grebeshkov 2 1 1 3
PowerPlay Forward
Center Left Wing Right Wing Time % Phy DF OF
1 Tim Connolly Chris Stewart Marian Gaborik 55 1 0 4
2 Frans Nielsen Drew Miller Erik Christensen 45 1 0 4
PowerPlay Defense
Defense Defense Time % Phy DF OF
1 Denis Grebeshkov Lukas Krajicek 55 0 1 4
2 Kurt Sauer Anton Stralman 45 1 0 4
Penalty Kill 4 Players Forward
Center Wing Time % Phy DF OF
1 Boyd Devereaux Chad Larose 52 1 3 1
2 Vaclav Varada Erik Cole 48 1 3 1
Penalty Kill 4 Players Defense
Defense Defense Time % Phy DF OF
1 Kurt Sauer Jiri Fischer 52 1 4 0
2 Andy Sutton Denis Grebeshkov 48 1 4 0
Penalty Kill - 3 Players Forward
Forward Time % Phy DF OF
1 Chad Larose 53 0 5 0
2 Drew Miller 47 1 4 0
Penalty Kill - 3 Players Defense
Defense Defense Time % Phy DF OF
1 Jiri Fischer Kurt Sauer 53 1 4 0
2 Andy Sutton Denis Grebeshkov 47 1 4 0
4 vs 4 Forward
Center Wing Time % Phy DF OF
1 Tim Connolly Marian Gaborik 52 0 1 4
2 Frans Nielsen Drew Miller 48 0 2 3
4 vs 4 Defense
Defense Defense Time % Phy DF OF
1 Kurt Sauer Lukas Krajicek 52 1 2 2
2 Denis Grebeshkov Jiri Fischer 48 1 2 2
Last Minutes Offensive
Center Left Wing Right Wing Defense Defense
Tim Connolly Chris Stewart Marian Gaborik Denis Grebeshkov Erik Christensen
Last Minutes Defensive
Center Left Wing Right Wing Defense Defense
Boyd Devereaux Drew Miller Chad Larose Kurt Sauer Jiri Fischer
Goaltenders
Starting : Ryan Miller
Backup : Marc Denis
Extra Forwards
Normal : Marian Gaborik, Drew Miller, Chris Stewart - PP : Marian Gaborik, Chris Stewart - PK : Drew Miller
Extra Defensemen
Normal : Denis Grebeshkov, Kurt Sauer, Anton Stralman - PP : Denis Grebeshkov - PK : Jiri Fischer, Kurt Sauer
Penalty Shots
Marian Gaborik, Chris Stewart, Erik Christensen, Frans Nielsen, Erik Cole
% Time on Ice - Sabres
Lines # - Real PCT - Wanted PCT - Time Play
Normal Forward
1 - 30% - 32% - 12:03
2 - 27% - 30% - 10:57
3 - 27% - 28% - 11:01
4 - 17% - 10% - 6:44
Normal Defense
1 - 35% - 33% - 14:27
2 - 35% - 33% - 14:09
3 - 28% - 24% - 11:34
4 - 1% - 10% - 0:35
PP Forward
1 - 54% - 60% - 5:21
2 - 46% - 40% - 4:34
PP Defense
1 - 60% - 60% - 5:59
2 - 40% - 40% - 3:56
PK Forward
1 - 68% - 60% - 6:19
2 - 32% - 40% - 3:01
PK Defense
1 - 64% - 60% - 6:00
2 - 36% - 40% - 3:20
PK3 Forward
1 - 0% - 60%
2 - 0% - 40%
PK3 Defense
1 - 0% - 60%
2 - 0% - 40%
44 Forward
1 - 0% - 60%
2 - 0% - 40%
44 Defense
1 - 0% - 60%
2 - 0% - 40%
Last Minute Offensive - 0:00
Last Minute Defensive - 0:00
Total
Forward - 60:00
Defense - 60:00
|
% Time on Ice - Coyotes
Lines # - Real PCT - Wanted PCT - Time Play
Normal Forward
1 - 36% - 35% - 14:34
2 - 30% - 31% - 12:14
3 - 16% - 18% - 6:43
4 - 18% - 16% - 7:14
Normal Defense
1 - 44% - 38% - 18:02
2 - 33% - 34% - 13:38
3 - 22% - 26% - 9:05
4 - 0% - 2% - 0:00
PP Forward
1 - 54% - 55% - 5:05
2 - 46% - 45% - 4:15
PP Defense
1 - 59% - 55% - 5:31
2 - 41% - 45% - 3:49
PK Forward
1 - 56% - 52% - 5:31
2 - 44% - 48% - 4:24
PK Defense
1 - 55% - 52% - 5:30
2 - 45% - 48% - 4:25
PK3 Forward
1 - 0% - 53%
2 - 0% - 47%
PK3 Defense
1 - 0% - 53%
2 - 0% - 47%
44 Forward
1 - 0% - 52%
2 - 0% - 48%
44 Defense
1 - 0% - 52%
2 - 0% - 48%
Last Minute Offensive - 0:00
Last Minute Defensive - 0:00
Total
Forward - 60:00
Defense - 60:00
|
Play by Play
1st period
0:01 of 1st period - Tim Connolly wins face-off versus Derick Brassard in neutral zone.
0:28 of 1st period - Slapshot by Chris Stewart.
0:28 of 1st period - Shot Misses the Net.
0:38 of 1st period - Erik Cole is hit by Jiri Hudler and loses puck.
0:49 of 1st period - Slapshot by Mike Fisher.
0:49 of 1st period - Stopped by Ryan Miller without a rebound.
0:50 of 1st period - Mike Fisher wins face-off versus Erik Christensen in Coyotes zone.
0:57 of 1st period - Tomas Kopecky is hit by Shawn Thornton.
1:03 of 1st period - Snap shot by Chad Larose.
1:03 of 1st period - Stopped by Michal Neuvirth without a rebound.
1:04 of 1st period - Mats Sundin wins face-off versus Boyd Devereaux in Sabres zone.
1:47 of 1st period - Minor Penalty to Andy Sutton for Interference.
1:48 of 1st period - Boyd Devereaux wins face-off versus Derick Brassard in Coyotes zone.
2:11 of 1st period - Snap shot by Antoine Roussel.
2:11 of 1st period - Shot Misses the Net.
2:15 of 1st period - Wrist shot by Antoine Roussel.
2:15 of 1st period - Shot Misses the Net.
2:17 of 1st period - Snap shot by Antoine Roussel.
2:17 of 1st period - Stopped by Ryan Miller with a rebound.
2:27 of 1st period - Snap shot by James Neal.
2:27 of 1st period - Deflect By Derick Brassard.
2:27 of 1st period - Shot Blocked by Jiri Fischer.
2:27 of 1st period - Puck is out of play.
2:28 of 1st period - Boyd Devereaux wins face-off versus Derick Brassard in Coyotes zone.
2:41 of 1st period - Boyd Devereaux is hit by Joni Pitkanen and loses puck.
3:17 of 1st period - Icing by Nathan Dempsey.
3:18 of 1st period - Derick Brassard wins face-off versus Boyd Devereaux in Sabres zone.
3:47 of 1st period - Penalty to Andy Sutton is over, Andy Sutton is back on ice.
3:59 of 1st period - Snap shot by Kyle Calder.
3:59 of 1st period - Shot Misses the Net.
4:05 of 1st period - Slapshot by Mats Sundin.
4:05 of 1st period - Shot Blocked by Kurt Sauer.
4:07 of 1st period - Snap shot by Mats Sundin.
4:07 of 1st period - Stopped by Ryan Miller with a rebound.
4:24 of 1st period - Snap shot by Tomas Kopecky.
4:24 of 1st period - Shot Misses the Net.
4:46 of 1st period - Snap shot by Chad Larose.
4:46 of 1st period - Shot Misses the Net.
4:49 of 1st period - Icing by Ole-Kristian Tollefsen.
4:50 of 1st period - Derick Brassard wins face-off versus Tim Connolly in Sabres zone.
5:01 of 1st period - Snap shot by Derick Brassard.
5:01 of 1st period - Shot Misses the Net.
5:03 of 1st period - Snap shot by James Neal.
5:03 of 1st period - Stopped by Ryan Miller with a rebound.
5:05 of 1st period - Backhand shot by Niclas Bergfors.
5:05 of 1st period - Deflect By Derick Brassard.
5:05 of 1st period - Shot Misses the Net.
5:05 of 1st period - Puck is out of play.
5:06 of 1st period - Erik Cole wins face-off versus Jiri Hudler in Coyotes zone.
5:21 of 1st period - Backhand shot by Steve Downie.
5:21 of 1st period - Shot Misses the Net.
5:31 of 1st period - Chris Stewart is hit by Niclas Bergfors and loses puck.
7:22 of 1st period - Wrist shot by Mike Fisher.
7:22 of 1st period - Stopped by Ryan Miller with a rebound.
7:24 of 1st period - Wrist shot by Joni Pitkanen.
7:24 of 1st period - Deflect By Kurt Sauer.
7:24 of 1st period - Stopped by Ryan Miller without a rebound.
7:25 of 1st period - Shawn Thornton wins face-off versus Jiri Hudler in Coyotes zone.
7:32 of 1st period - Snap shot by Chad Larose.
7:32 of 1st period - Stopped by Michal Neuvirth with a rebound.
7:34 of 1st period - Slapshot by Jiri Fischer.
7:34 of 1st period - Deflect By Jiri Hudler.
7:34 of 1st period - Goal by Jiri Fischer - Sabres : 0 - Coyotes : 1.
7:35 of 1st period - Mike Fisher wins face-off versus Tim Connolly in neutral zone.
9:26 of 1st period - Lukas Krajicek is hit by James Neal and loses puck.
9:53 of 1st period - Snap shot by Todd White.
9:53 of 1st period - Deflect By Erik Cole.
9:53 of 1st period - Shot Blocked by Andy Sutton.
9:53 of 1st period - Puck is out of play.
9:54 of 1st period - Tim Connolly wins face-off versus Mike Fisher in Coyotes zone.
9:56 of 1st period - Minor Penalty to Drew Miller for Tripping.
9:57 of 1st period - Boyd Devereaux wins face-off versus Derick Brassard in Coyotes zone.
9:57 of 1st period - Boyd Devereaux is hit by James Neal.
11:42 of 1st period - Steve Downie is hit by Erik Christensen and loses puck.
11:56 of 1st period - Penalty to Drew Miller is over, Drew Miller is back on ice.
12:01 of 1st period - Andy Sutton is hit by Nathan Paetsch and loses puck.
12:10 of 1st period - Tomas Kopecky is hit by Vaclav Varada and loses puck.
12:30 of 1st period - Minor Penalty to Ryan Hollweg for Holding.
12:31 of 1st period - Tim Connolly wins face-off versus Mike Fisher in Sabres zone.
13:07 of 1st period - Wrist shot by Drew Miller.
13:07 of 1st period - Stopped by Michal Neuvirth without a rebound.
13:08 of 1st period - Mats Sundin wins face-off versus Tim Connolly in Sabres zone.
13:13 of 1st period - Slapshot by Nathan Dempsey.
13:13 of 1st period - Deflect By Steve Downie.
13:13 of 1st period - Stopped by Ryan Miller without a rebound.
13:14 of 1st period - Mike Fisher wins face-off versus Tim Connolly in Coyotes zone.
14:30 of 1st period - Penalty to Ryan Hollweg is over, Ryan Hollweg is back on ice.
14:33 of 1st period - Wrist shot by Ryan Hollweg.
14:33 of 1st period - Shot Misses the Net.
14:35 of 1st period - Wrist shot by James Neal.
14:35 of 1st period - Stopped by Ryan Miller without a rebound.
14:36 of 1st period - Derick Brassard wins face-off versus Boyd Devereaux in Coyotes zone.
14:49 of 1st period - Snap shot by Niclas Bergfors.
14:49 of 1st period - Stopped by Ryan Miller without a rebound.
14:50 of 1st period - Jiri Hudler wins face-off versus Tim Connolly in Coyotes zone.
14:53 of 1st period - Snap shot by Antoine Roussel.
14:53 of 1st period - Shot Blocked by Kurt Sauer.
14:55 of 1st period - Slapshot by Nathan Dempsey.
14:55 of 1st period - Shot Blocked by Drew Miller.
14:57 of 1st period - Snap shot by Antoine Roussel.
14:57 of 1st period - Stopped by Ryan Miller with a rebound.
15:03 of 1st period - Slapshot by Joni Pitkanen.
15:03 of 1st period - Shot Blocked by Kurt Sauer.
15:18 of 1st period - Minor Penalty to James Neal for Tripping.
15:19 of 1st period - Tim Connolly wins face-off versus Mike Fisher in Sabres zone.
15:52 of 1st period - Slapshot by Anton Stralman.
15:52 of 1st period - Stopped by Michal Neuvirth with a rebound.
15:54 of 1st period - Snap shot by Kurt Sauer.
15:54 of 1st period - Shot Blocked by Steve Downie.
15:56 of 1st period - Backhand shot by Kurt Sauer.
15:56 of 1st period - Deflect By Steve Downie.
15:56 of 1st period - Stopped by Michal Neuvirth without a rebound.
15:57 of 1st period - Frans Nielsen wins face-off versus Mike Fisher in Sabres zone.
16:08 of 1st period - Mike Fisher is hit by Frans Nielsen and loses puck.
16:17 of 1st period - Wrist shot by Erik Christensen.
16:17 of 1st period - Stopped by Michal Neuvirth without a rebound.
16:18 of 1st period - Tim Connolly wins face-off versus Mike Fisher in Sabres zone.
16:27 of 1st period - Slapshot by Tim Connolly.
16:27 of 1st period - Goal by Tim Connolly - Sabres : 0 - Coyotes : 2.
16:28 of 1st period - Tim Connolly wins face-off versus Derick Brassard in neutral zone.
16:31 of 1st period - Wrist shot by Drew Miller.
16:31 of 1st period - Stopped by Michal Neuvirth without a rebound.
16:32 of 1st period - Drew Miller wins face-off versus Derick Brassard in Sabres zone.
16:36 of 1st period - Minor Penalty to Niclas Bergfors for Roughing.
16:37 of 1st period - Mike Fisher wins face-off versus Tim Connolly in Sabres zone.
16:37 of 1st period - Mike Fisher is hit by Marian Gaborik.
18:36 of 1st period - Penalty to Niclas Bergfors is over, Niclas Bergfors is back on ice.
18:38 of 1st period - Niclas Bergfors is hit by Marian Gaborik and loses puck.
Goals for this period are 0 for Sabres vs 2 for Coyotes.
Shots for this period are 10 for Sabres vs 9 for Coyotes.
2nd period
0:01 of 2nd period - Tim Connolly wins face-off versus Jiri Hudler in neutral zone.
0:06 of 2nd period - Snap shot by Tim Connolly.
0:06 of 2nd period - Stopped by Michal Neuvirth without a rebound.
0:07 of 2nd period - Tim Connolly wins face-off versus Jiri Hudler in Sabres zone.
0:08 of 2nd period - Snap shot by Marian Gaborik.
0:08 of 2nd period - Stopped by Michal Neuvirth without a rebound.
0:09 of 2nd period - Tim Connolly wins face-off versus Jiri Hudler in Sabres zone.
0:10 of 2nd period - Slapshot by Marian Gaborik.
0:10 of 2nd period - Shot Misses the Net.
0:12 of 2nd period - Slapshot by Kurt Sauer.
0:12 of 2nd period - Shot Blocked by Jiri Hudler.
0:14 of 2nd period - Snap shot by Drew Miller.
0:14 of 2nd period - Deflect By Marian Gaborik.
0:14 of 2nd period - Shot Blocked by Ole-Kristian Tollefsen.
0:14 of 2nd period - Puck is out of play.
0:15 of 2nd period - Mike Fisher wins face-off versus Tim Connolly in Sabres zone.
0:42 of 2nd period - Ole-Kristian Tollefsen is hit by Anton Stralman and loses puck.
1:42 of 2nd period - Slapshot by Joni Pitkanen.
1:42 of 2nd period - Stopped by Ryan Miller without a rebound.
1:43 of 2nd period - Tim Connolly wins face-off versus Mike Fisher in Coyotes zone.
2:14 of 2nd period - Slapshot by Tim Connolly.
2:14 of 2nd period - Shot Blocked by Nathan Paetsch.
2:28 of 2nd period - Slapshot by Tomas Kopecky.
2:28 of 2nd period - Deflect By Ryan Hollweg.
2:28 of 2nd period - Shot Misses the Net.
2:28 of 2nd period - Puck is out of play.
2:29 of 2nd period - Frans Nielsen wins face-off versus Jiri Hudler in Coyotes zone.
2:38 of 2nd period - Snap shot by Frans Nielsen.
2:38 of 2nd period - Shot Blocked by Steve Downie.
3:01 of 2nd period - Slapshot by Lukas Krajicek.
3:01 of 2nd period - Shot Blocked by Nathan Dempsey.
3:22 of 2nd period - Lukas Krajicek is hit by James Neal and loses puck.
3:36 of 2nd period - Off-side.
3:37 of 2nd period - Drew Miller wins face-off versus Jiri Hudler in neutral zone.
3:40 of 2nd period - Ole-Kristian Tollefsen is hit by Tim Connolly and loses puck.
3:50 of 2nd period - Minor Penalty to Jiri Hudler for Holding.
3:51 of 2nd period - Tim Connolly wins face-off versus Mike Fisher in Sabres zone.
4:00 of 2nd period - Off-side.
4:01 of 2nd period - Tim Connolly wins face-off versus Mike Fisher in neutral zone.
4:16 of 2nd period - Snap shot by Tim Connolly.
4:16 of 2nd period - Stopped by Michal Neuvirth without a rebound.
4:17 of 2nd period - Mike Fisher wins face-off versus Frans Nielsen in Sabres zone.
4:30 of 2nd period - Wrist shot by Frans Nielsen.
4:30 of 2nd period - Stopped by Michal Neuvirth with a rebound.
4:32 of 2nd period - Slapshot by Denis Grebeshkov.
4:32 of 2nd period - Deflect By Todd White.
4:32 of 2nd period - Stopped by Michal Neuvirth without a rebound.
4:33 of 2nd period - Mike Fisher wins face-off versus Chris Stewart in Sabres zone.
4:42 of 2nd period - Slapshot by Todd White.
4:42 of 2nd period - Shot Misses the Net.
5:50 of 2nd period - Penalty to Jiri Hudler is over, Jiri Hudler is back on ice.
6:02 of 2nd period - Lukas Krajicek is hit by Tyler Sloan and loses puck.
6:43 of 2nd period - Wrist shot by Tomas Kopecky.
6:43 of 2nd period - Shot Misses the Net.
8:15 of 2nd period - Frans Nielsen is hit by Tyler Sloan and loses puck.
9:25 of 2nd period - Slapshot by Andy Sutton.
9:25 of 2nd period - Deflect By Shawn Thornton.
9:25 of 2nd period - Shot Misses the Net.
9:25 of 2nd period - Puck is out of play.
9:26 of 2nd period - Frans Nielsen wins face-off versus Kyle Calder in Sabres zone.
9:52 of 2nd period - Kurt Sauer is hit by Niclas Bergfors and loses puck.
11:05 of 2nd period - Off-side.
11:06 of 2nd period - Derick Brassard wins face-off versus Tim Connolly in neutral zone.
11:11 of 2nd period - Wrist shot by James Neal.
11:11 of 2nd period - Shot Misses the Net.
11:33 of 2nd period - Steve Downie is hit by Chris Stewart and loses puck.
11:44 of 2nd period - Frans Nielsen is hit by Joni Pitkanen and loses puck.
12:18 of 2nd period - Slapshot by Boyd Devereaux.
12:18 of 2nd period - Stopped by Michal Neuvirth without a rebound.
12:19 of 2nd period - Boyd Devereaux wins face-off versus Mats Sundin in Sabres zone.
12:20 of 2nd period - Snap shot by Vaclav Varada.
12:20 of 2nd period - Shot Blocked by Tyler Sloan.
12:22 of 2nd period - Slapshot by Andy Sutton.
12:22 of 2nd period - Stopped by Michal Neuvirth with a rebound.
12:24 of 2nd period - Slapshot by Boyd Devereaux.
12:24 of 2nd period - Stopped by Michal Neuvirth with a rebound.
12:26 of 2nd period - Slapshot by Andy Sutton.
12:26 of 2nd period - Deflect By Vaclav Varada.
12:26 of 2nd period - Stopped by Michal Neuvirth with a rebound.
12:28 of 2nd period - Slapshot by Jiri Fischer.
12:28 of 2nd period - Stopped by Michal Neuvirth with a rebound.
12:34 of 2nd period - Wrist shot by Pavel Brendl.
12:34 of 2nd period - Stopped by Michal Neuvirth with a rebound.
13:09 of 2nd period - Steve Downie is hit by Erik Cole and loses puck.
13:24 of 2nd period - Tyler Sloan is hit by Denis Grebeshkov and loses puck.
13:34 of 2nd period - Wrist shot by Jiri Hudler.
13:34 of 2nd period - Stopped by Ryan Miller with a rebound.
13:42 of 2nd period - Slapshot by Steve Downie.
13:42 of 2nd period - Shot Blocked by Lukas Krajicek.
13:44 of 2nd period - Slapshot by Tyler Sloan.
13:44 of 2nd period - Stopped by Ryan Miller without a rebound.
13:45 of 2nd period - Derick Brassard wins face-off versus Tim Connolly in Coyotes zone.
13:52 of 2nd period - Snap shot by James Neal.
13:52 of 2nd period - Stopped by Ryan Miller without a rebound.
13:53 of 2nd period - Derick Brassard wins face-off versus Tim Connolly in Coyotes zone.
13:54 of 2nd period - Slapshot by Niclas Bergfors.
13:54 of 2nd period - Stopped by Ryan Miller with a rebound.
14:30 of 2nd period - Snap shot by James Neal.
14:30 of 2nd period - Shot Misses the Net.
14:40 of 2nd period - James Neal is hit by Tim Connolly and loses puck.
15:19 of 2nd period - Wrist shot by Tim Connolly.
15:19 of 2nd period - Stopped by Michal Neuvirth with a rebound.
15:21 of 2nd period - Snap shot by Drew Miller.
15:21 of 2nd period - Shot Misses the Net.
15:23 of 2nd period - Wrist shot by Kurt Sauer.
15:23 of 2nd period - Shot Blocked by James Neal.
15:25 of 2nd period - Slapshot by Anton Stralman.
15:25 of 2nd period - Stopped by Michal Neuvirth with a rebound.
15:27 of 2nd period - Snap shot by Kurt Sauer.
15:27 of 2nd period - Goal by Kurt Sauer - Sabres : 0 - Coyotes : 3.
15:28 of 2nd period - Mike Fisher wins face-off versus Frans Nielsen in neutral zone.
15:31 of 2nd period - Wrist shot by Tomas Kopecky.
15:31 of 2nd period - Shot Blocked by Denis Grebeshkov.
15:33 of 2nd period - Slapshot by Nathan Dempsey.
15:33 of 2nd period - Deflect By Denis Grebeshkov.
15:33 of 2nd period - Stopped by Ryan Miller with a rebound.
15:41 of 2nd period - Snap shot by Joni Pitkanen.
15:41 of 2nd period - Stopped by Ryan Miller without a rebound.
15:42 of 2nd period - Jiri Hudler wins face-off versus Frans Nielsen in Coyotes zone.
15:43 of 2nd period - Snap shot by Steve Downie.
15:43 of 2nd period - Shot Misses the Net.
15:45 of 2nd period - Slapshot by Antoine Roussel.
15:45 of 2nd period - Deflect By Chris Stewart.
15:45 of 2nd period - Stopped by Ryan Miller without a rebound.
15:46 of 2nd period - Jiri Hudler wins face-off versus Frans Nielsen in Coyotes zone.
16:00 of 2nd period - Minor Penalty to Steve Downie for Holding.
16:01 of 2nd period - Mike Fisher wins face-off versus Tim Connolly in Sabres zone.
18:00 of 2nd period - Penalty to Steve Downie is over, Steve Downie is back on ice.
18:06 of 2nd period - Off-side.
18:07 of 2nd period - Boyd Devereaux wins face-off versus Jiri Hudler in neutral zone.
18:16 of 2nd period - Wrist shot by Antoine Roussel.
18:16 of 2nd period - Shot Blocked by Andy Sutton.
18:18 of 2nd period - Slapshot by Tyler Sloan.
18:18 of 2nd period - Stopped by Ryan Miller without a rebound.
18:19 of 2nd period - Boyd Devereaux wins face-off versus Mike Fisher in Coyotes zone.
18:44 of 2nd period - Wrist shot by Tim Connolly.
18:44 of 2nd period - Deflect By Joni Pitkanen.
18:44 of 2nd period - Shot Misses the Net.
18:44 of 2nd period - Puck is out of play.
18:45 of 2nd period - Jiri Hudler wins face-off versus Tim Connolly in Sabres zone.
19:00 of 2nd period - Wrist shot by Drew Miller.
19:00 of 2nd period - Shot Misses the Net.
19:08 of 2nd period - Andy Sutton is hit by Jiri Hudler and loses puck.
19:13 of 2nd period - Snap shot by Steve Downie.
19:13 of 2nd period - Stopped by Ryan Miller with a rebound.
19:19 of 2nd period - Wrist shot by Antoine Roussel.
19:19 of 2nd period - Goal by Antoine Roussel - Sabres : 1 - Coyotes : 3.
19:20 of 2nd period - Mike Fisher wins face-off versus Frans Nielsen in neutral zone.
19:22 of 2nd period - Joni Pitkanen is hit by Frans Nielsen and loses puck.
19:32 of 2nd period - Icing by Frans Nielsen.
19:33 of 2nd period - Mike Fisher wins face-off versus Frans Nielsen in Coyotes zone.
19:45 of 2nd period - Minor Penalty to Frans Nielsen for Tripping.
19:46 of 2nd period - Derick Brassard wins face-off versus Boyd Devereaux in Coyotes zone.
Goals for this period are 1 for Sabres vs 1 for Coyotes.
Shots for this period are 11 for Sabres vs 14 for Coyotes.
3rd period
0:01 of 3rd period - Boyd Devereaux wins face-off versus Niclas Bergfors in neutral zone.
1:45 of 3rd period - Penalty to Frans Nielsen is over, Frans Nielsen is back on ice.
1:57 of 3rd period - Snap shot by Drew Miller.
1:57 of 3rd period - Stopped by Michal Neuvirth without a rebound.
1:58 of 3rd period - Tim Connolly wins face-off versus Ryan Hollweg in Sabres zone.
2:15 of 3rd period - Wrist shot by Tim Connolly.
2:15 of 3rd period - Stopped by Michal Neuvirth with a rebound.
2:21 of 3rd period - Snap shot by Tim Connolly.
2:21 of 3rd period - Stopped by Michal Neuvirth with a rebound.
2:23 of 3rd period - Snap shot by Anton Stralman.
2:23 of 3rd period - Stopped by Michal Neuvirth without a rebound.
2:24 of 3rd period - Erik Cole wins face-off versus Derick Brassard in Sabres zone.
2:27 of 3rd period - Wrist shot by Frans Nielsen.
2:27 of 3rd period - Stopped by Michal Neuvirth with a rebound.
3:17 of 3rd period - Wrist shot by Boyd Devereaux.
3:17 of 3rd period - Deflect By Vaclav Varada.
3:17 of 3rd period - Shot Misses the Net.
3:17 of 3rd period - Puck is out of play.
3:18 of 3rd period - Frans Nielsen wins face-off versus Derick Brassard in Sabres zone.
3:19 of 3rd period - Snap shot by Erik Cole.
3:19 of 3rd period - Stopped by Michal Neuvirth with a rebound.
3:21 of 3rd period - Slapshot by Jiri Fischer.
3:21 of 3rd period - Shot Blocked by Derick Brassard.
3:23 of 3rd period - Wrist shot by Jiri Fischer.
3:23 of 3rd period - Shot Misses the Net.
3:25 of 3rd period - Wrist shot by Erik Cole.
3:25 of 3rd period - Stopped by Michal Neuvirth without a rebound.
3:26 of 3rd period - Frans Nielsen wins face-off versus Derick Brassard in Sabres zone.
3:27 of 3rd period - Snap shot by Erik Cole.
3:27 of 3rd period - Stopped by Michal Neuvirth without a rebound.
3:28 of 3rd period - Derick Brassard wins face-off versus Frans Nielsen in Sabres zone.
3:53 of 3rd period - Slapshot by Niclas Bergfors.
3:53 of 3rd period - Stopped by Ryan Miller without a rebound.
3:54 of 3rd period - Tim Connolly wins face-off versus Jiri Hudler in Coyotes zone.
4:06 of 3rd period - Minor Penalty to Marian Gaborik for Hooking.
4:07 of 3rd period - Boyd Devereaux wins face-off versus Derick Brassard in Coyotes zone.
5:27 of 3rd period - Denis Grebeshkov is hit by Derick Brassard and loses puck.
6:06 of 3rd period - Penalty to Marian Gaborik is over, Marian Gaborik is back on ice.
6:47 of 3rd period - Tyler Sloan is hit by Tim Connolly and loses puck.
7:06 of 3rd period - Slapshot by Chad Larose.
7:06 of 3rd period - Deflect By Erik Christensen.
7:06 of 3rd period - Stopped by Michal Neuvirth with a rebound.
7:36 of 3rd period - Niclas Wallin is hit by Anton Stralman and loses puck.
7:47 of 3rd period - Frans Nielsen is hit by Mats Sundin and loses puck.
8:04 of 3rd period - Snap shot by Anton Stralman.
8:04 of 3rd period - Deflect By Chad Larose.
8:04 of 3rd period - Shot Misses the Net.
8:04 of 3rd period - Puck is out of play.
8:05 of 3rd period - Chad Larose wins face-off versus Jiri Hudler in Sabres zone.
8:06 of 3rd period - Snap shot by Erik Christensen.
8:06 of 3rd period - Goal by Erik Christensen - Sabres : 1 - Coyotes : 4.
8:07 of 3rd period - Frans Nielsen wins face-off versus Jiri Hudler in neutral zone.
8:12 of 3rd period - Niclas Wallin is hit by Chris Stewart and loses puck.
8:44 of 3rd period - Off-side.
8:45 of 3rd period - Tim Connolly wins face-off versus Derick Brassard in neutral zone.
8:54 of 3rd period - Wrist shot by Tim Connolly.
8:54 of 3rd period - Deflect By Marian Gaborik.
8:54 of 3rd period - Shot Misses the Net.
8:54 of 3rd period - Puck is out of play.
8:55 of 3rd period - Derick Brassard wins face-off versus Tim Connolly in Sabres zone.
8:57 of 3rd period - Minor Penalty to Nathan Dempsey for Holding.
8:58 of 3rd period - Mike Fisher wins face-off versus Tim Connolly in Sabres zone.
9:12 of 3rd period - Snap shot by Tim Connolly.
9:12 of 3rd period - Goal by Tim Connolly - Sabres : 1 - Coyotes : 5.
9:13 of 3rd period - Derick Brassard wins face-off versus Erik Cole in neutral zone.
9:16 of 3rd period - Snap shot by Nathan Dempsey.
9:16 of 3rd period - Shot Misses the Net.
9:38 of 3rd period - Antoine Roussel is hit by Tim Connolly and loses puck.
10:04 of 3rd period - Snap shot by Ryan Hollweg.
10:04 of 3rd period - Shot Blocked by Denis Grebeshkov.
10:06 of 3rd period - Snap shot by Tomas Kopecky.
10:06 of 3rd period - Deflect By Ryan Hollweg.
10:06 of 3rd period - Shot Misses the Net.
10:06 of 3rd period - Puck is out of play.
10:07 of 3rd period - Frans Nielsen wins face-off versus Mike Fisher in Coyotes zone.
10:33 of 3rd period - Minor Penalty to Tim Connolly for High sticking.
10:34 of 3rd period - Derick Brassard wins face-off versus Boyd Devereaux in Coyotes zone.
10:35 of 3rd period - Snap shot by Niclas Bergfors.
10:35 of 3rd period - Stopped by Ryan Miller without a rebound.
10:36 of 3rd period - Boyd Devereaux wins face-off versus Derick Brassard in Coyotes zone.
10:36 of 3rd period - Boyd Devereaux is hit by Derick Brassard.
12:33 of 3rd period - Penalty to Tim Connolly is over, Tim Connolly is back on ice.
12:38 of 3rd period - Kurt Sauer is hit by Ryan Hollweg and loses puck.
13:11 of 3rd period - Backhand shot by Mats Sundin.
13:11 of 3rd period - Shot Misses the Net.
14:43 of 3rd period - Icing by Frans Nielsen.
14:44 of 3rd period - Mats Sundin wins face-off versus Chris Stewart in Coyotes zone.
14:55 of 3rd period - Slapshot by Erik Cole.
14:55 of 3rd period - Shot Blocked by Todd White.
15:21 of 3rd period - Wrist shot by Kyle Calder.
15:21 of 3rd period - Shot Misses the Net.
15:31 of 3rd period - Todd White is hit by Erik Cole and loses puck.
15:54 of 3rd period - Slapshot by Chris Stewart.
15:54 of 3rd period - Stopped by Michal Neuvirth without a rebound.
15:55 of 3rd period - Derick Brassard wins face-off versus Tim Connolly in Sabres zone.
15:55 of 3rd period - Derick Brassard is hit by Andy Sutton.
16:21 of 3rd period - Joni Pitkanen is hit by Erik Christensen and loses puck.
16:28 of 3rd period - Slapshot by Lukas Krajicek.
16:28 of 3rd period - Shot Blocked by Nathan Dempsey.
16:43 of 3rd period - Tomas Kopecky is hit by Vaclav Varada and loses puck.
17:00 of 3rd period - Wrist shot by James Neal.
17:00 of 3rd period - Shot Misses the Net.
17:02 of 3rd period - Slapshot by Tyler Sloan.
17:02 of 3rd period - Stopped by Ryan Miller with a rebound.
17:53 of 3rd period - Chad Larose is hit by Niclas Bergfors and loses puck.
18:06 of 3rd period - Niclas Wallin is hit by Kurt Sauer and loses puck.
18:35 of 3rd period - Slapshot by Kyle Calder.
18:35 of 3rd period - Stopped by Ryan Miller without a rebound.
18:36 of 3rd period - Erik Christensen wins face-off versus Tomas Kopecky in Coyotes zone.
18:40 of 3rd period - Off-side.
18:41 of 3rd period - Mike Fisher wins face-off versus Shawn Thornton in neutral zone.
18:44 of 3rd period - Wrist shot by Nathan Dempsey.
18:44 of 3rd period - Stopped by Ryan Miller with a rebound.
18:46 of 3rd period - Snap shot by Ryan Hollweg.
18:46 of 3rd period - Shot Hit the Post.
18:48 of 3rd period - Wrist shot by Ryan Hollweg.
18:48 of 3rd period - Shot Misses the Net.
18:50 of 3rd period - Snap shot by Joni Pitkanen.
18:50 of 3rd period - Shot Blocked by Denis Grebeshkov.
18:52 of 3rd period - Wrist shot by Ryan Hollweg.
18:52 of 3rd period - Shot Misses the Net.
18:54 of 3rd period - Wrist shot by Mike Fisher.
18:54 of 3rd period - Shot Misses the Net.
18:56 of 3rd period - Wrist shot by Tomas Kopecky.
18:56 of 3rd period - Stopped by Ryan Miller with a rebound.
19:12 of 3rd period - Snap shot by Ryan Hollweg.
19:12 of 3rd period - Shot Blocked by Shawn Thornton.
19:14 of 3rd period - Slapshot by Ryan Hollweg.
19:14 of 3rd period - Shot Misses the Net.
19:16 of 3rd period - Snap shot by Ryan Hollweg.
19:16 of 3rd period - Stopped by Ryan Miller without a rebound.
19:17 of 3rd period - Derick Brassard wins face-off versus Frans Nielsen in Coyotes zone.
19:51 of 3rd period - Wrist shot by Jiri Hudler.
19:51 of 3rd period - Goal by Jiri Hudler - Sabres : 2 - Coyotes : 5.
19:52 of 3rd period - Frans Nielsen wins face-off versus Derick Brassard in neutral zone.
Goals for this period are 1 for Sabres vs 2 for Coyotes.
Shots for this period are 8 for Sabres vs 12 for Coyotes.
Output by the SimonT Hockey Simulator (STHS) for François Prévost -- Original Page W3C XHTML 1.0 Valid